 Dungeon Crawl Stone Soup version 0.31.0-11-ge490571c62 (webtiles) character file.

Game seed: 13698779309662717522

105 juan097 the Cutter (level 4, 0/26 HPs)
             Began as a Tengu Brigand on Feb 4, 2024.
             Slain by an orc wizard
             ... wielding a +1 dagger of holy wrath
              (5 damage)
             ... on level 2 of the Dungeon.
             The game lasted 00:04:15 (1367 turns).

juan097 the Cutter (Tengu Brigand)                  Turns: 1367, Time: 00:04:16

Health: 0/26       AC:  2    Str: 12    XL:     4   Next: 81%
Magic:  5/5        EV: 13    Int: 11    God:
Gold:   114        SH:  0    Dex: 17    Spells: 3/3 levels left

rFire   . . .        a - +2 dagger
rCold   . . .        (no shield)
rNeg    . . .        u - +0 robe
rPois   .            (helmet restricted)
rElec   .            t - scarf {repulsion}
rCorr   .            (no gloves)
SInv    .            (boots unavailable)
Will    .....        (no amulet)
Stlth   +++          (no ring)
HPRegen 0.24/turn    (no ring)
MPRegen 0.09/turn

%: repel missiles, acrobat
@: no status effects
A: beak, talons 3, acrobatic
a: no special abilities


You were on level 2 of the Dungeon.
You visited 1 branch of the dungeon, and saw 3 of its levels.

You collected 114 gold pieces.

Inventory:

Hand Weapons
 a - a +2 dagger (weapon)
 b - a +0 sling
Missiles
 d - 6 poisoned darts (quivered)
 i - 3 boomerangs
Armour
 c - a +0 cloak
 t - a scarf of repulsion (worn)
 u - a +0 robe (worn)
Wands
 r - a wand of roots (8)
Scrolls
 f - a scroll of revelation {unknown}
 k - a scroll of summoning {unknown}
 l - 2 scrolls of identify {unknown}
 m - a scroll of vulnerability {unknown}
 o - 2 scrolls of enchant weapon {unknown}
 p - a scroll of brand weapon {unknown}
 s - a scroll of fear {unknown}
Potions
 g - a potion of degeneration {unknown}
 h - 3 potions of brilliance {unknown}
 j - a potion of enlightenment {unknown}
 n - a potion of haste {unknown}
 q - a potion of curing {unknown}


   Skills:
 - Level 2.0 Fighting
 + Level 4.4 Short Blades
 - Level 2.0 Throwing
 - Level 3.0 Dodging
 - Level 4.0 Stealth


You had 3 spell levels left.
You didn't know any spells.
Your spell library was empty.

Dungeon Overview and Level Annotations

Branches:
Dungeon (3/15)

Altars:
The Shining One


Innate Abilities, Weirdness & Mutations

You have a beak for a mouth.
You have claws for feet.
You can magically evade attacks while moving or waiting.


Message History

a - a +2 dagger (weapon)
The orc attacks as it pursues you! The orc completely misses you.
The orc wizard attacks as it pursues you!
The orc wizard closely misses you. The orc attacks as it pursues you!
The orc hits you with a +0 mace.
There is a stone staircase leading down here.
The orc attacks as it pursues you! The orc barely misses you.
You hit the orc but do no damage. You claw the orc, but do no damage.
You hit the orc but do no damage. The orc hits you with a +0 mace.
You are too injured to fight recklessly!
You are too injured to fight recklessly!
You hit the orc. You claw the orc, but do no damage.
You peck the orc, but do no damage.
The orc is moderately wounded.
The orc hits you with a +0 mace!
* * * LOW HITPOINT WARNING * * *
Throw: 3 darts (curare)
Press: ? - help, Shift-Dir - straight line, f - orc
Aim: an orc, wielding a +0 mace and wearing a +0 scale mail (moderately wounded, 63% to hit)
You throw a curare-tipped dart. The curare-tipped dart hits the orc.
The orc is poisoned.
The orc struggles to breathe.
You kill the orc!
Throw: 2 darts (curare)
Press: ? - help, Shift-Dir - straight line, f - orc wizard
Aim: an orc wizard, wielding a +1 dagger of holy wrath and wearing a +0 robe (heavily wounded, 51% to hit)
You throw a curare-tipped dart.
The curare-tipped dart closely misses the orc wizard.
The orc wizard points at you and mumbles some strange words.
You resist with some effort.
Throw: dart (curare)
Press: ? - help, Shift-Dir - straight line, f/p - orc wizard
Aim: an orc wizard, wielding a +1 dagger of holy wrath and wearing a +0 robe (heavily wounded, 51% to hit)
You throw a curare-tipped dart.
The curare-tipped dart hits the orc wizard.
The orc wizard is poisoned.
The orc wizard struggles to breathe.
The orc wizard seems to slow down.
The orc wizard is almost dead.
The orc wizard hits you with a +1 dagger of holy wrath.
You die...

# ####### ### #.....# ####### ..##
#.....# #.....# #..## #.....#
#.....# .#..#########.....#
#.....# .##..#............#
#.>...# .###.#......#########
#.....# .###.......<...(@o..#
#.....#
..##..........#####.###.....####
.....#..#....<...##............#
.#.###..#####.##..###>......##.#
...###...####.###..รท........##.##
.#...............(....#..###.....
...##.##.#.##.###.....##.# #.....
......##....#.##..#......###.....
............#.##.##....#......###


You could see an orc wizard (very poisoned, slow).

Vanquished Creatures
  A gnoll (D:1)
  2 adders (D:2)
  3 dart slugs
  A ribbon worm (D:2)
  3 orcs
  4 endoplasms
  7 giant cockroaches
  4 hobgoblins
  7 jackals
  2 quokkas
  3 ball pythons
  6 bats
  3 frilled lizards
  5 goblins
  7 kobolds
  3 rats
61 creatures vanquished.

Notes
Turn   | Place    | Note
-------+----------+-------------------------------------------
     0 | D:1      | juan097 the Tengu Brigand began the quest for the Orb.
     0 | D:1      | Reached XP level 1. HP: 12/12 MP: 2/2
    48 | D:1      | Reached XP level 2. HP: 15/17 MP: 3/3
   222 | D:1      | Found a faded altar of an unknown god.
   321 | D:1      | Reached XP level 3. HP: 6/21 MP: 4/4
   839 | D:2      | Found a glowing golden altar of the Shining One.
   870 | D:2      | Reached XP level 4. HP: 23/26 MP: 5/5
  1367 | D:2      | Slain by an orc wizard

Illustrated notes

Levels and vault maps discovered:
D:1:      lightli_arrival_statuegarden, layout_rooms,
          ebering_ecumenical_altar_webs
D:2:      layout_rooms, basic_altar
D:3:      layout_basic, jmf_multi_god_temple2, nemelex_spade_bored_becter,
          minmay_diced_spiral

Skill      XL: |  1  2  3  4 |
---------------+-------------+-----
Dodging        | 2 3 |  3.0
Short Blades   | 3 4 |  4.4
Fighting       | |  2.0
Throwing       | |  2.0
Stealth        | |  4.0

Action                     |  1- 3 |  4- 6 || total
---------------------------+-------+-------++-------
  Melee: Dagger            |    82 |    33 ||   115
         Peck              |    12 |     3 ||    15
         Kick              |    20 |     8 ||    28
         Punch             |     1 |       ||     1
   Fire: Sling             |       |    20 ||    20
  Throw: Dart              |    16 |     7 ||    23
   Stab: Sleeping          |     3 |     2 ||     5
 Armour: Robe              |    32 |    12 ||    44
  Dodge: Dodged            |    64 |    22 ||    86
         Repelled          |       |     2 ||     2
